 Dungeon Crawl Stone Soup version 0.20-a0-553-g9f38e11 (console) character file.

477 nht the Ruffian (level 6, 0/47 HPs)
             Began as a Draconian Transmuter on Feb 3, 2017.
             Was a Believer of Kikubaaqudgha.
             Succumbed to an orc's poison
             ... on level 5 of the Dungeon.
             The game lasted 00:08:54 (3785 turns).

nht the Ruffian (Draconian Transmuter)              Turns: 3785, Time: 00:08:54

Health: 0/47       AC:  2    Str: 13    XL:     6   Next: 85%
Magic:  5/9        EV: 19    Int: 15    God:    Kikubaaqudgha [**....]
Gold:   222        SH:  0    Dex: 16    Spells: 2/9 levels left

rFire    + . .     SeeInvis .     - Unarmed
rCold    . . .     Gourm    .   (armour unavailable)
rNeg     . . .     Faith    .   (shield currently unavailable)
rPois    x         Spirit   .   (helmet currently unavailable)
rElec    .         Reflect  .   (cloak currently unavailable)
rCorr    .         Harm     .   (gloves currently unavailable)
MR       .....                  (boots currently unavailable)
Stlth    +.........             (no amulet)
Regen    0.2/turn               (no ring)
                                e - ring of protection from fire

@: lethally poisoned (0 -> -10), spider-form, very slightly contaminated,
invisible
A: unfitting armour, (cold-blooded), AC +6
a: End Transformation, Receive Corpses, Renounce Religion


You were on level 5 of the Dungeon.
You worshipped Kikubaaqudgha.
Kikubaaqudgha was pleased with you.
You were hungry.
You were a venomous arachnid creature.
You visited 1 branch of the dungeon, and saw 5 of its levels.

You collected 222 gold pieces.

Inventory:

Missiles
 a - 63 arrows
Jewellery
 e - a ring of protection from fire (left front leg)
 u - a cursed ring of teleportation
Scrolls
 j - 3 scrolls of remove curse
 p - 3 scrolls of fear
 r - a scroll of teleportation {unknown}
 t - a scroll of immolation
Potions
 d - a potion of invisibility
 f - 3 potions of resistance
 g - a potion of haste
 l - a potion of flight
 m - a potion of might
 n - a potion of agility {unknown}
 o - 3 potions of heal wounds
 q - a potion of curing {unknown}
Books
 b - a book of Changes

   Spells                             Type                      Level
   a - Beastly Appendage              Transmutation                1
   b - Sticks to Snakes               Transmutation                2
   c - Spider Form                    Transmutation/Poison         3
   d - Ice Form                       Ice/Transmutation            4
   e - Blade Hands                    Transmutation                5
 i - Kikubaaqudgha's Tome of Sinister Rites
   (Kikubaaqudgha gifted it to you on level 2 of the Dungeon)

   Spells                             Type                      Level
   a - Animate Skeleton               Necromancy                   1
   b - Corpse Rot                     Necromancy                   2
   c - Sublimation of Blood           Necromancy                   2
   d - Vampiric Draining              Necromancy                   3
   e - Control Undead                 Necromancy                   4
Comestibles
 c - 5 bread rations
 k - 5 fruits


   Skills:
 - Level 1.1 Fighting
 - Level 1.7 Dodging
 * Level 6.6 Unarmed Combat
 - Level 2.0 Spellcasting
 + Level 4.4 Transmutations


You had 2 spell levels left.
You knew the following spells:

 Your Spells              Type           Power        Failure   Level  Hunger
a - Beastly Appendage     Tmut           ##....       14%         1    #......
b - Sticks to Snakes      Tmut           ##......     21%         2    ###....
c - Spider Form           Tmut/Pois      #.........   52%         3    ###....
d - Animate Skeleton      Necr           N/A          41%         1    #......


Dungeon Overview and Level Annotations

Branches:
Dungeon (5/15)             Temple (0/1) D:4

Altars:
Ashenzari
Gozag
Kikubaaqudgha
Nemelex Xobeh
Okawaru
Ru
Vehumet

Shops:
D:4 (

Annotations:
D:5 Sigmund


Innate Abilities, Weirdness & Mutations

((Your plain brown scales are hard. (AC +6)))
You cannot fit into any form of body armour.
((You are cold-blooded and may be slowed by cold attacks.))


Message History

Confirm with . or Enter, or press ? or * to list all spells.
You turn into a venomous arachnid creature.
You feel sick. The orc closely misses you.
You strike the helpless orc from behind!
You hit the orc but do no damage.
The orc is poisoned.
You feel sick. Something hits you! Space bends around you.
* * * LOW HITPOINT WARNING * * *
The orc closely misses you.
Unknown command.
You hit the orc.
The orc looks as sick as possible!
The orc is heavily wounded.
* * * LOW HITPOINT WARNING * * *
You feel sick. The orc completely misses you. Something hits you.
* * * LOW HITPOINT WARNING * * *
Space bends around you.
* * * LOW HITPOINT WARNING * * *
* * * LOW HITPOINT WARNING * * *
You feel sick.
You die...
Kikubaaqudgha rasps: "You have failed me!
Welcome... death!" .█ .█ ███ ..██ ..███████ █........ █(████

█([o.█ ████.█
█..s.█ █.██.█
█.█.██.████..█
█........)....
███.██.█████.. █
█.██.█ █.█ █ █.██.█
█.█ █.████.██.█
███.█████.........█


There were no monsters in sight!

Vanquished Creatures
  An ogre (D:4)
  A phantom (D:4)
  4 orc wizards
  A worker ant (D:4)
  3 adders
  2 oozes
  An adder skeleton (D:4)
  4 worms
  2 dart slugs (D:1)
  6 leopard geckos
  10 orcs
  5 giant cockroaches
  7 goblins
  6 hobgoblins
  A jackal (D:2)
  12 kobolds
  9 bats
  4 frilled lizards
  13 rats
92 creatures vanquished.

Vanquished Creatures (collateral kills)
  An orc wizard (D:4)
1 creature vanquished.

Grand Total: 93 creatures vanquished

Notes
Turn   | Place    | Note
-------+----------+-------------------------------------------
     0 | D:1      | nht the Draconian Transmuter began the quest for the Orb.
     0 | D:1      | Reached XP level 1. HP: 16/16 MP: 3/3
    72 | D:1      | Reached XP level 2. HP: 13/23 MP: 5/5
  1096 | D:2      | Found a radiant altar of Vehumet.
  1096 | D:2      | Found a shattered altar of Ashenzari.
  1129 | D:2      | Reached XP level 3. HP: 24/28 MP: 6/6
  1178 | D:2      | Reached skill level 4 in Unarmed Combat
  1231 | D:2      | Learned a level 2 spell: Sticks to Snakes
  1388 | D:2      | Found an iron altar of Okawaru.
  1677 | D:2      | Found a faded altar of an unknown god.
  1701 | D:2      | Became a worshipper of Kikubaaqudgha
  1701 | D:2      | Reached * piety under Kikubaaqudgha
  1701 | D:2      | Identified Kikubaaqudgha's Tome of Sinister Rites (Kikubaaqudgha gifted it to you on level 2 of the Dungeon)
  1701 | D:2      | Received a gift from Kikubaaqudgha
  1824 | D:2      | Reached XP level 4. HP: 23/35 MP: 7/7
  2040 | D:3      | Reached ** piety under Kikubaaqudgha
  2267 | D:3      | Found a sparkling altar of Nemelex Xobeh.
  2565 | D:4      | Noticed an ogre
  2572 | D:3      | Learned a level 3 spell: Spider Form
  2591 | D:4      | Killed an ogre
  2591 | D:4      | Reached skill level 5 in Unarmed Combat
  2591 | D:4      | Reached XP level 5. HP: 23/40 MP: 4/8
  2597 | D:4      | Learned a level 1 spell: Animate Skeleton
  2719 | D:4      | Found Jyasidgh's Antique Weapon Boutique.
  2810 | D:4      | Found an opulent altar of Gozag.
  2852 | D:4      | Reached XP level 6. HP: 44/47 MP: 9/9
  2866 | D:4      | Found a staircase to the Ecumenical Temple.
  3210 | D:4      | Found a sacrificial altar of Ru.
  3272 | D:4      | Reached skill level 6 in Unarmed Combat
  3702 | D:5      | Entered Level 5 of the Dungeon
  3762 | D:5      | Noticed Sigmund
  3783 | D:5      | HP: 2/47 [something (2)]
  3785 | D:5      | Succumbed to an orc's poison

Vault maps used:
D:1:      scummos_arrival_forest, serial_corexii_hall, corexii_hall_statues_u,
          corexii_hall_statues_l
D:2:      nicolae_overflow_hidden_temple, chequers_ecumenical_altar_twisty,
          st_stairs_9, minmay_mini_jars
D:3:      overflow_temple_1_default
D:4:      nicolae_ru_sacrificial_ziggurat,
          nicolae_gozag_cash_rules_everything_around_me,
          minmay_temple_entry_trees, serial_shops, shop
D:5:      first_bread, uniq_sigmund

Skill      XL: |  1  2  3  4  5  6 |
---------------+-------------------+-----
Unarmed Combat | 4 5 6 |  6.6
Transmutations | 3 4 |  4.4
Fighting       | |  1.1
Dodging        | |  1.7
Spellcasting   | |  2.0

Action                   |  1- 3 |  4- 6 || total
-------------------------+-------+-------++-------
Melee: Unarmed           |   182 |   165 ||   347
       Tailslap          |    18 |     6 ||    24
       Punch             |     4 |     1 ||     5
       Kick              |     4 |       ||     4
       Headbutt          |     1 |       ||     1
 Cast: Beastly Appendage |     2 |       ||     2
       Spider Form       |       |     7 ||     7
       Animate Skeleton  |       |     3 ||     3
       Sticks to Snakes  |       |     1 ||     1
  Use: Scroll            |     1 |     8 ||     9
       Potion            |       |     7 ||     7
 Stab: Invisible         |       |     1 ||     1
  Eat: Chunk             |     3 |     7 ||    10
Armor: Skin              |    48 |    45 ||    93
Dodge: Dodged            |   116 |   108 ||   224
